 Dungeon Crawl Stone Soup version 0.24-a0-249-g2af7e83 (webtiles) character file.

Game seed: 9593079652663302619

3136 Lanoc the Cleaver (level 9, -13/48 HPs)
             Began as a Vine Stalker Gladiator on Apr 13, 2019.
             Was a Priest of Uskayaw.
             Mangled by an orc warrior
             ... wielding a +1 dagger of electrocution
              (14 damage)
             ... on level 6 of the Dungeon.
             The game lasted 00:08:20 (4251 turns).

Lanoc the Cleaver (Vine Stalker Gladiator)          Turns: 4251, Time: 00:08:21

Health: -13/48     AC:  5    Str: 18    XL:     9   Next: 92%
Magic:  0/19       EV: 15    Int:  8    God:    Uskayaw [***...]
Gold:   244        SH:  0    Dex: 18    Spells: 8/8 levels left

rFire    . . .     SeeInvis .   a - +0 war axe
rCold    . . .     Gourm    .   (no shield)
rNeg     . . .     Faith    .   b - +0 leather armour
rPois    .         Spirit   +   c - +1 helmet
rElec    .         Reflect  .   (no cloak)
rCorr    .         Harm     .   (no gloves)
MR       +....                  (no boots)
Stlth    +.........             v - amulet of regeneration
HPRegen  0.96/turn              q - ring of magical power
MPRegen  0.16/turn              (no ring)

@: no status effects
A: fangs 3, regeneration 1, magic shield, antimagic bite, no potion heal 3, rot
immunity
a: Stomp, Line Pass, Renounce Religion


You were on level 6 of the Dungeon.
You worshipped Uskayaw.
Uskayaw was noncommittal.
You were not hungry.

You visited 2 branches of the dungeon, and saw 7 of its levels.
You also visited: Sewer.

You collected 244 gold pieces.

Inventory:

Hand Weapons
 a - a +0 war axe (weapon)
Missiles
 d - 4 throwing nets (quivered)
Armour
 b - a +0 leather armour (worn)
 c - a +1 helmet (worn)
Jewellery
 q - a ring of magical power (left hand)
 v - an amulet of regeneration (around neck)
Wands
 g - a wand of digging (4)
 u - a wand of disintegration (15)
Scrolls
 h - 6 scrolls of teleportation
 k - a scroll of noise {unknown}
 l - a scroll of magic mapping {unknown}
 m - a scroll of amnesia {unknown}
 n - a scroll of blinking {unknown}
 o - 2 scrolls of remove curse
 r - a scroll of fear {unknown}
Potions
 e - a potion of curing
 i - 3 potions of cancellation
 j - a potion of degeneration {unknown}
 p - 2 potions of agility
 s - 2 potions of mutation {unknown}
Comestibles
 f - 8 rations


   Skills:
 + Level 5.7 Fighting
 * Level 8.3 Axes
 - Level 1.7 Throwing
 + Level 4.9 Armour
 + Level 5.6 Dodging


You had 8 spell levels left.
You didn't know any spells.
Your spell library was empty.

Dungeon Overview and Level Annotations

Branches:
Dungeon (6/15)             Temple (1/1) D:4

Altars:
Ashenzari
Cheibriados
Dithmenos
Elyvilon
Fedhas
Gozag
Hepliaklqana
Makhleb
Nemelex Xobeh
Okawaru
Qazlal
Ru
Sif Muna
Trog
Uskayaw
Xom
Yredelemnul
The Shining One

Annotations:
D:6 1 runed translucent door, Ijustatesigmund's ghost, novice OpFi


Innate Abilities, Weirdness & Mutations

You have razor-sharp teeth.
Your natural rate of healing is unusually fast.
When hurt, damage is shared between your health and your magic reserves.
Your bite disrupts and absorbs the magic of your enemies.
Potions cannot restore your health.
You are immune to rotting.


Message History

You hit the orc but do no damage. Your bite misses the orc.
The orc is lightly wounded.
You slash the centaur! You closely miss something.
The centaur closely misses you. The orc hits you but does no damage.
Something hits you!
You are electrocuted!
* * * LOW HITPOINT WARNING * * *
The crimson imp blinks!
The centaur hits you.
* * * LOW HITPOINT WARNING * * *
Uskayaw will force your foes to helplessly watch your dance.
Uskayaw prepares the audience for your solo!
The helpless centaur fails to defend itself.
You slice the centaur!!
You kill the centaur!
The helpless orc fails to defend itself.
You hit the orc. You hit something but do no damage.
The helpless orc fails to defend itself.
You hit the orc. Something hits you!
* * * LOW HITPOINT WARNING * * *
You are electrocuted!
You die...

. .. ... #...
#....#############
#_....o{.##......#
#.....)@.(.......##
#.....o)####......#
5...##### ####...#
....# #...# .....##
#...# .....##
##...# #.....##
###....#
#.....#####......#
#...............#


You could see a crimson imp (paralysed) and 2 orcs.

Vanquished Creatures
  A hippogriff (D:6)
  4 yaks (D:5)
  Eustachio (D:5)
  Duvessa (D:6)
  2 phantoms
  A sky beast (D:5)
  2 ogres
  A centaur (D:6)
  Blork the orc (D:4)
  7 big kobolds (Sewer)
  Dowan (D:6)
  2 bullfrogs (D:6)
  2 crimson imps (D:5)
  A bullfrog zombie (D:6)
  2 jellies (D:5)
  4 orc wizards
  A bullfrog skeleton (D:6)
  2 orc priests
  3 hounds
  An iguana (D:5)
  3 worker ants
  2 hound skeletons
  8 gnolls
  A howler monkey skeleton (D:5)
  10 adders
  A shadow imp (D:6)
  2 oozes
  3 worms (Sewer)
  3 dart slugs
  4 leopard geckos
  19 orcs
  7 bats
  5 giant cockroaches
  2 goblins
  4 hobgoblins (D:3)
  4 jackals (D:1)
  3 quokkas
  6 ball pythons
  5 frilled lizards
  10 kobolds
  12 rats
154 creatures vanquished.

Vanquished Creatures (others)
  An orc (D:6)
  A butterfly (D:4)
  A plant (D:1)
3 creatures vanquished.

Grand Total: 157 creatures vanquished

Notes
Turn   | Place    | Note
-------+----------+-------------------------------------------
     0 | D:1      | Lanoc the Vine Stalker Gladiator began the quest for the
                  | Orb.
     0 | D:1      | Reached XP level 1. HP: 11/11 MP: 2/2
   100 | D:1      | Reached XP level 2. HP: 9/15 MP: 3/3
   145 | D:1      | Reached skill level 3 in Axes
   426 | D:2      | Reached XP level 3. HP: 6/18 MP: 1/4
   782 | D:3      | Reached skill level 1 in Armour
   861 | D:3      | Gained mutation: Your natural rate of healing is unusually
                  | fast. [Vine Stalker growth]
   861 | D:3      | Reached XP level 4. HP: 20/23 MP: 5/5
   920 | D:3      | Found a glowing drain.
   931 | Sewer    | Entered a sewer
  1011 | Sewer    | Noticed a big kobold
  1031 | Sewer    | Killed a big kobold
  1031 | Sewer    | Reached skill level 4 in Axes
  1031 | Sewer    | Reached XP level 5. HP: 17/27 MP: 6/6
  1113 | Sewer    | Noticed a big kobold
  1131 | Sewer    | Killed a big kobold
  1131 | Sewer    | Reached XP level 6. HP: 32/32 MP: 7/7
  1364 | Sewer    | Reached XP level 7. HP: 29/36 MP: 8/8
  1375 | Sewer    | Reached skill level 5 in Axes
  1650 | D:3      | Found a shattered altar of Ashenzari.
  1765 | D:3      | Found a basalt altar of Yredelemnul.
  1912 | D:4      | Found a staircase to the Ecumenical Temple.
  1912 | D:4      | Noticed Blork the orc
  1925 | D:4      | Killed Blork the orc
  1935 | Temple   | Entered the Ecumenical Temple
  2033 | Temple   | Became a worshipper of Uskayaw the Reveler
  2049 | D:4      | Reached * piety under Uskayaw
  2057 | D:4      | Reached ** piety under Uskayaw
  2374 | D:4      | Gained mutation: You have razor-sharp teeth. [Vine Stalker
                  | growth]
  2374 | D:4      | Reached XP level 8. HP: 41/42 MP: 9/9
  2416 | D:4      | Reached *** piety under Uskayaw
  2435 | D:4      | Found a shadowy altar of Dithmenos.
  2648 | D:4      | Reached skill level 6 in Axes
  2833 | D:5      | Entered Level 5 of the Dungeon
  2862 | D:5      | Reached **** piety under Uskayaw
  2875 | D:5      | Found a sparkling altar of Nemelex Xobeh.
  2895 | D:5      | Noticed Eustachio
  3085 | D:5      | Killed Eustachio
  3312 | D:5      | Noticed a yak
  3318 | D:5      | Noticed a yak
  3320 | D:5      | Killed a yak
  3320 | D:5      | Reached skill level 7 in Axes
  3320 | D:5      | Reached XP level 9. HP: 46/46 MP: 10/10
  3324 | D:5      | Reached skill level 5 in Fighting
  3325 | D:5      | Reached ***** piety under Uskayaw
  3326 | D:5      | Reached skill level 5 in Dodging
  3915 | D:6      | Noticed Duvessa
  3915 | D:6      | Noticed Dowan
  3926 | D:6      | Killed Duvessa
  3926 | D:6      | Reached skill level 8 in Axes
  3932 | D:6      | Killed Dowan
  4182 | D:6      | Found a runed translucent door.
  4189 | D:6      | Noticed Ijustatesigmund's ghost (novice OpFi)
  4242 | D:6      | Found a shimmering altar of Xom.
  4251 | D:6      | HP: 1/48 [something (9)]
  4251 | D:6      | Mangled by an orc warrior

Levels and vault maps discovered:
D:1:      lightli_molten_gateway, layout_loops_ring, chequers_big_river
D:2:      layout_loops_cross
D:3:      layout_loops_ring, lemuel_coloured_pillars_altar,
          nicolae_overflow_crystal_walls, portal_sewer_entry_d, first_ration
D:4:      layout_loops_corners, minmay_temple_entry_butterflies,
          nicolae_dithmenos_shadow_blocks, uniq_blork_the_orc
D:5:      layout_loops_ring, nemelex_xobeh_ov_fountains_minmay, uniq_eustachio
D:6:      layout_layer_cave, grunt_temple_overflow_order_and_chaos_1,
          ebering_ghost_sewer_d, uniq_duvessa
Temple:   eino_temple_scatter_basement
Sewer:    sewer_co_tree

Skill      XL: |  1  2  3  4  5  6  7  8  9 |
---------------+----------------------------+-----
Fighting       | 2 3 4 5 |  5.7
Axes           | 3 4 5 7 8 |  8.3
Armour         | 1 2 3 4 |  4.9
Dodging        | 3 4 5 |  5.6
Throwing       | |  1.7

Action                   |  1- 3 |  4- 6 |  7- 9 || total
-------------------------+-------+-------+-------++-------
Melee: War axe           |   101 |   109 |   332 ||   542
       Bite              |    29 |    37 |   103 ||   169
  Use: Scroll            |     2 |     1 |     5 ||     8
 Stab: Sleeping          |     2 |       |     2 ||     4
       Paralysed         |       |       |    16 ||    16
  Eat: Chunk             |       |     2 |    10 ||    12
Armor: Leather armour    |    33 |    29 |    70 ||   132
Dodge: Dodged            |    91 |    78 |   260 ||   429

Table legend:
 A = Non-vault XP
 B = Vault XP
 C = Vault XP percentage of total XP
 D = Non-vault monster count
 E = Vault monster count
 F = Vault count percentage of total count
                 A         B        C        D         E       F
            +---------+---------+-------+---------+---------+-------
      Total |    3193 |    1288 |  28.7 |     121 |      33 |  21.4
            +---------+---------+-------+---------+---------+-------
        D:1 |      31 |       0 |   0.0 |      20 |       0 |   0.0
        D:2 |      22 |       0 |   0.0 |      11 |       0 |   0.0
        D:3 |      93 |      13 |  12.3 |      21 |       1 |   4.5
        D:4 |     416 |      99 |  19.2 |      13 |       1 |   7.1
        D:5 |    1710 |     203 |  10.6 |      29 |       1 |   3.3
        D:6 |     921 |     218 |  19.1 |      27 |       2 |   6.9
      Sewer |       0 |     755 | 100.0 |       0 |      28 | 100.0
            +---------+---------+-------+---------+---------+-------
